 Dungeon Crawl Stone Soup version 0.28.0-53-g5a82cb258f (webtiles) character file.

Game seed: 5263156876332009965

7 tizbic2 the Grave Robber (level 1, 0/14 HPs)
             Began as a Demigod Necromancer on July 16, 2022.
             Slain by a hobgoblin (4 damage)
             ... on level 1 of the Dungeon.
             The game lasted 00:01:22 (490 turns).

tizbic2 the Grave Robber (Demigod Necromancer)       Turns: 490, Time: 00:01:23

Health: 0/14       AC:  2    Str:  9    XL:     1   Next: 66%
Magic:  5/5        EV: 16    Int: 17    God:
Gold:   8          SH:  0    Dex: 14    Spells: 2/3 levels left

rFire   . . .      SeeInvis .   e - +0 dagger
rCold   . . .      Faith    .   (no shield)
rNeg    . . .      Spirit   .   a - +0 robe
rPois   .          Reflect  .   (no helmet)
rElec   .          Harm     .   (no cloak)
rCorr   .          Rampage  .   (no gloves)
Will    .....                   (no boots)
Stlth   ++........              (no amulet)
HPRegen 0.04/turn               f - +4 ring of evasion
MPRegen 0.09/turn               (no ring)

@: no status effects
A: high MP 1, forlorn, divine attributes
a: no special abilities


You were on level 1 of the Dungeon.
You visited 1 branch of the dungeon, and saw 1 of its levels.

You collected 8 gold pieces.

Inventory:

Hand Weapons
 b - a +0 hunting sling
 e - a +0 dagger (weapon)
Armour
 a - a +0 robe (worn)
Jewellery
 f - a +4 ring of evasion (left hand)
Scrolls
 d - a scroll of brand weapon {unknown}
Potions
 c - a potion of attraction {unknown}


   Skills:
 + Level 0.2 Fighting
 * Level 0.6 Armour
 - Level 1.7 Dodging
 - Level 1.7 Stealth
 + Level 1.8 Spellcasting
 * Level 3.7 Necromancy


You had 2 spell levels left.
You knew the following spells:

 Your Spells              Type           Power      Damage    Failure   Level
a - Pain                  Necr           56%        1d6       4%          1

Your spell library contained the following spells:

 Spells                   Type           Power      Damage    Failure   Level
 Animate Skeleton         Necr           28%        N/A       4%          1
 Vampiric Draining        Necr           14%        2d7       13%         3
 Animate Dead             Necr           7%         N/A       38%         4
 Agony                    Necr           14%        N/A       75%         5


Dungeon Overview and Level Annotations

Branches:
Dungeon (1/15)


Innate Abilities, Weirdness & Mutations

You have an increased reservoir of magic. (+10% MP)
You shall have no god before yourself.
Your divine heritage dramatically boosts your attributes as you level up.


Message History

You closely miss the goblin. The goblin barely misses you.
You closely miss the goblin. The goblin misses you.
You miss the goblin. The goblin hits you but does no damage.
You hit the goblin. Your punch misses the goblin.
The goblin is severely wounded.
The goblin hits you with a +0 dagger.
Casting: Pain (safe; 4% risk of failure)
Confirm with . or Enter, or press ? or * to list all spells.
Aiming: Pain (safe; 4% risk of failure)
Press: ? - help, Shift-Dir - straight line, f - goblin
Aim: a goblin, wielding a +0 dagger (severely wounded, chance to affect: 84%)
The goblin writhes in agony.
You kill the goblin!
You see here a +0 dagger.
A goblin comes into view. It is wielding a +0 club.
A hobgoblin comes into view.
Found a scroll labelled JOUDUM NADGH.
The hobgoblin shouts!
The goblin shouts!
A kobold comes into view. It is wielding a +0 whip.
The kobold moves out of view.
You see here a +4 ring of evasion.
f - a +4 ring of evasion
f - a +4 ring of evasion (left hand)
The hobgoblin misses you.
You closely miss the hobgoblin. The hobgoblin misses you.
You hit the hobgoblin.
The hobgoblin is lightly wounded.
The hobgoblin barely misses you.
You completely miss the hobgoblin.
The hobgoblin is lightly wounded.
The hobgoblin misses you.
You hit the hobgoblin but do no damage.
The hobgoblin is lightly wounded.
The hobgoblin hits you.
* * * LOW HITPOINT WARNING * * *
You hit the hobgoblin but do no damage.
The hobgoblin is lightly wounded.
The hobgoblin hits you.
You die...

##.######..?.# #.# ##..
######...##.......# ### #.#
#...∩..♣..♣.....K## #..
#.................. ###
#...............###..
#8.....♣..8..∩.......
#.....).......#
#.............####
#............♣gg@#
#..............### #...#
#..............# #..?#
#∩..8.....∩..♣.# #...#
#..............# #...#
...............### #b..# ##
.♣.....∩..8.._...###############.
...............#.................
################.................


You could see a hobgoblin and a goblin.

Vanquished Creatures
  A goblin (D:1)
  3 bats (D:1)
  2 frilled lizards (D:1)
  A kobold (D:1)
  A rat (D:1)
8 creatures vanquished.

Notes
Turn   | Place    | Note
-------+----------+-------------------------------------------
     0 | D:1      | tizbic2 the Demigod Necromancer began the quest for the
                  | Orb.
     0 | D:1      | Reached XP level 1. HP: 14/14 MP: 5/5
   490 | D:1      | Slain by a hobgoblin

Illustrated notes

Levels and vault maps discovered:
D:1:      shiori_arrival_maze, layout_basic,
          hellmonk_ecumenical_altar_arch_garden, serial_co_window_serial,
          co_window_of_opportunity_a, co_window_of_opportunity_a,
          co_window_corner_a, co_window_of_opportunity_a, co_window_corner_a,
          co_window_corner_a, co_window_paths_a, co_window_cross_3,
          co_window_unsneaky_path_e, co_window_unsneaky_path_a,
          co_window_cross_3, co_window_of_opportunity_b, co_window_2corner,
          glass_columns_a, glass_columns_a

Action                   || total
-------------------------++-------
Melee: Unarmed           ||    46
       Dagger            ||    11
 Cast: Pain              ||     7
 Stab: Sleeping          ||     1
Armor: Robe              ||    21
Dodge: Dodged            ||    48
